[ AOE2 MATCH · #494647922 ]
UnrankedCumans vs Japanese
Player's team · WIN
Rival team · LOSS
[ REPLAY ANALYSIS · EXTRACTED FROM THE RECORDED GAME ]
Feudal
12:59
Castle
—
Imperial
—
| APM avg | 32.1 |
| APM peak | 114 |
| eAPM avg | 8.6 |
| Villagers / military | 20 / 3 |
Focus
⚔️ 26.8% · 🌾 73.2%
Battering Ram ×3
Feudal
10:54
Castle
—
Imperial
—
| APM avg | 47.3 |
| APM peak | 103 |
| eAPM avg | 17.1 |
| Villagers / military | 39 / 24 |
Focus
⚔️ 26.8% · 🌾 73.2%
Archer ×21 · Scout Cavalry ×3
Match map
Initial resources + every placement click. Lines = walls · curves = elevation contours. ◆ gold · ⬟ stone · ● berries · ✦ relic · ◌ wall gap
Your base· Open — unwalled flank
Teniente Dan's base· Open — unwalled flank
Smoothed initial terrain · ◌ = detected wall gap · hover for details
Inputs per minute
— Dr. Delta - - Teniente Dan
Build order — Dr. Delta
41 actions detected in the replay
| 2:35 | Build | Town Center |
| 4:04 | Create | Villager (Male) |
| 4:05 | Create | Villager (Male) |
| 4:05 | Create | Villager (Male) |
| 4:05 | Create | Villager (Male) |
| 5:14 | Create | Villager (Male) |
| 5:30 | Build | Lumber Camp |
| 6:39 | Build | Mill |
| 6:53 | Create | Villager (Male) |
| 6:54 | Create | Villager (Male) |
| 7:11 | Research | Loom |
| 7:59 | Create | Villager (Male) |
| 7:59 | Create | Villager (Male) |
| 8:32 | Create | Villager (Male) |
| 8:32 | Create | Villager (Male) |
| 9:53 | Create | Villager (Male) |
| 10:21 | Create | Villager (Male) |
| 10:49 | Research | Feudal Age |
| 11:09 | Build | House |
| 11:46 | Create | Villager (Male) |
| 11:48 | Create | Villager (Male) |
| 12:41 | Build | Mining Camp |
| 12:54 | Create | Villager (Male) |
| 12:55 | Create | Villager (Male) |
| 12:59 | Age | Feudal Age |
| 13:04 | Build | Watch Tower |
| 13:12 | Build | Watch Tower |
| 13:16 | Build | Blacksmith |
| 13:56 | Research | Fletching |
| 14:46 | Build | Siege Workshop |
| 14:55 | Create | Villager (Male) |
| 15:57 | Create | Villager (Male) |
| 16:19 | Build | Market |
| 17:17 | Build | House |
| 17:45 | Create | Battering Ram |
| 17:48 | Create | Villager (Male) |
| 18:21 | Create | Battering Ram |
| 18:36 | Build | Watch Tower |
| 19:31 | Create | Battering Ram |
| 20:02 | Build | Lumber Camp |
| 20:45 | Build | Watch Tower |
Build order — Teniente Dan
110 actions detected in the replay
| 0:05 | Build | Town Center |
| 1:06 | Create | Villager (Male) |
| 1:06 | Create | Villager (Male) |
| 1:07 | Create | Villager (Male) |
| 1:07 | Create | Villager (Male) |
| 1:40 | Build | Lumber Camp |
| 1:45 | Create | Villager (Male) |
| 2:35 | Create | Villager (Male) |
| 2:53 | Create | Villager (Male) |
| 3:05 | Create | Villager (Male) |
| 3:49 | Create | Villager (Male) |
| 4:15 | Create | Villager (Male) |
| 4:50 | Create | Villager (Male) |
| 4:58 | Build | House |
| 5:00 | Create | Villager (Male) |
| 5:29 | Build | Mill |
| 5:37 | Create | Villager (Male) |
| 5:58 | Research | Loom |
| 6:03 | Create | Villager (Male) |
| 6:26 | Create | Villager (Male) |
| 7:02 | Create | Villager (Male) |
| 7:54 | Create | Villager (Male) |
| 8:03 | Build | Farm |
| 8:14 | Build | House |
| 8:17 | Create | Villager (Male) |
| 8:40 | Research | Feudal Age |
| 8:49 | Build | House |
| 9:11 | Build | Mining Camp |
| 9:24 | Build | Barracks |
| 9:28 | Build | House |
| 9:31 | Create | Villager (Male) |
| 9:57 | Build | Mill |
| 10:34 | Build | Mining Camp |
| 10:54 | Age | Feudal Age |
| 10:59 | Build | Archery Range |
| 11:01 | Build | House |
| 11:04 | Research | Double-Bit Axe |
| 11:17 | Create | Villager (Male) |
| 11:19 | Research | Horse Collar |
| 11:29 | Create | Villager (Male) |
| 11:36 | Build | Palisade Wall |
| 11:37 | Build | Palisade Wall |
| 11:49 | Build | Watch Tower |
| 11:52 | Create | Villager (Male) |
| 12:20 | Build | Watch Tower |
| 12:23 | Create | Villager (Male) |
| 12:25 | Create | Archer |
| 12:28 | Build | House |
| 12:44 | Create | Archer |
| 12:54 | Build | Archery Range |
| 12:58 | Create | Villager (Male) |
| 13:24 | Build | Archery Range |
| 13:51 | Create | Villager (Male) |
| 13:51 | Create | Villager (Male) |
| 14:16 | Build | Farm |
| 14:16 | Create | Villager (Male) |
| 14:21 | Create | Archer |
| 14:21 | Create | Archer |
| 14:29 | Build | Farm |
| 14:30 | Build | Farm |
| 14:39 | Build | Farm |
| 14:41 | Build | Farm |
| 14:42 | Create | Villager (Male) |
| 14:50 | Create | Archer |
| 15:19 | Create | Archer |
| 15:19 | Create | Archer |
| 15:21 | Create | Villager (Male) |
| 16:00 | Build | Watch Tower |
| 16:03 | Create | Villager (Male) |
| 16:04 | Create | Archer |
| 16:04 | Create | Archer |
| 16:12 | Build | House |
| 16:13 | Build | House |
| 16:22 | Create | Villager (Male) |
| 16:39 | Build | Blacksmith |
| 16:50 | Create | Villager (Male) |
| 16:56 | Create | Archer |
| 16:56 | Create | Archer |
| 17:17 | Create | Villager (Male) |
| 17:25 | Research | Fletching |
| 17:25 | Research | Fletching |
| 17:50 | Create | Villager (Male) |
| 17:50 | Create | Villager (Male) |
| 17:55 | Build | Stable |
| 18:08 | Create | Archer |
| 18:08 | Create | Archer |
| 18:20 | Build | Mining Camp |
| 18:30 | Build | Farm |
| 18:34 | Create | Villager (Male) |
| 19:00 | Create | Archer |
| 19:00 | Create | Archer |
| 19:01 | Create | Villager (Male) |
| 19:13 | Create | Villager (Male) |
| 19:14 | Create | Archer |
| 19:14 | Create | Archer |
| 19:29 | Create | Archer |
| 19:30 | Create | Archer |
| 19:30 | Create | Villager (Male) |
| 19:40 | Build | Farm |
| 19:41 | Research | Horse Collar |
| 19:45 | Create | Scout Cavalry |
| 19:45 | Create | Scout Cavalry |
| 20:12 | Build | Lumber Camp |
| 20:17 | Build | House |
| 20:18 | Build | House |
| 20:31 | Create | Archer |
| 20:31 | Create | Archer |
| 20:47 | Create | Scout Cavalry |
| 20:49 | Research | Scale Barding Armor |
| 20:50 | Research | Bloodlines |
Match timeline
| 9:24 | Teniente Dan · first_building Barracks |
| 10:54 | Teniente Dan · age_up feudal |
| 10:59 | Teniente Dan · first_building Archery Range |
| 11:36 | Teniente Dan · wall_segment Palisade Wall x1 |
| 11:37 | Teniente Dan · wall_segment Palisade Wall x1 |
| 12:59 | Dr. Delta · age_up feudal |
| 14:46 | Dr. Delta · first_building Siege Workshop |
| 17:44 | Dr. Delta · first_market_sell 100 wood |
| 17:55 | Teniente Dan · first_building Stable |
| 21:13 | Teniente Dan · resign |
[ AI ANALYSIS · 1 CREDIT ]
What really happened in this match?
Wolo.gg analyzes every decision: build order, eco, micro, common mistakes by bracket. Personalized analysis on WhatsApp or Discord in 30 seconds.
Civ guide
Cumans
Perfil
Dr. Delta